 Dungeon Sprint DCSS version 0.30.1-11-g7821555f0a (webtiles) character file.

Game seed: 12617640967903477306

2069 Groucho the Geomancer (level 9, -2/47 HPs)
             Began as a Spriggan Earth Elementalist on Jan 16, 2024.
             Was a Priest of Sif Muna.
             Shot with an arrow by a centaur warrior (20 damage)
             ... in the Dungeon (Sprint III: "The Ten Rune Challenge").
             The game lasted 00:08:06 (3254 turns).

Groucho the Geomancer (Spriggan Earth Elementalist) Turns: 3254, Time: 00:08:07

Health: -2/47      AC:  2    Str:  4    XL:     9   Next: 5%
Magic:  11/32      EV: 17    Int: 20    God:    Sif Muna [***...]
Gold:   40         SH:  0    Dex: 16    Spells: 14/27 levels left

rFire   . . .        i - +0 dagger
rCold   . . .        (no shield)
rNeg    . . .        j - +0 robe
rPois   .            (helmet restricted)
rElec   .            (no cloak)
rCorr   .            (gloves unavailable)
SInv    +            (boots unavailable)
Will    +....        (no amulet)
Stlth   ++++         h - ring of magical power
HPRegen 0.27/turn    (no ring)
MPRegen 0.23/turn

%: no teleportation
@: very slightly contaminated, very quick
A: very small, no large weapons, unfitting armour, see invisible, speed 3
a: Renounce Religion, Channel Magic, Forget Spell


You were in the Dungeon.
You worshipped Sif Muna.
Sif Muna was most pleased with you.
You visited 1 branch You collected 40 gold pieces.

Inventory:

Hand Weapons
 i - a +0 dagger (weapon)
Armour
 j - a +0 robe (worn)
Jewellery
 h - a ring of magical power (left hand)
Wands
 o - a wand of paralysis (3)
Scrolls
 g - a scroll of blinking
 k - 2 scrolls of immolation {unknown}
 l - 4 scrolls of identify
Potions
 a - 3 potions of mutation {unknown}
 b - 3 potions of magic
 c - a potion of curing
 d - 2 potions of heal wounds
 e - a potion of haste
 f - 2 potions of berserk rage
 m - 3 potions of flight
 n - 2 potions of resistance {unknown}
 p - a potion of might
Miscellaneous
 q - a phantom mirror


   Skills:
 - Level 5.0 Fighting
 - Level 5.0 Short Blades
 - Level 2.6 Dodging
 - Level 7.0 Stealth
 + Level 9.6 Spellcasting
 + Level 5.8 Conjurations
 + Level 5.3 Necromancy
 + Level 10.1 Transmutations
 * Level 10.4 Earth Magic
 + Level 3.7 Invocations


You had 14 spell levels left.
You knew the following spells:

 Your Spells              Type           Power      Damage    Failure   Level
a - Sandblast             Erth           100%       2d20      1%          1
b - Stone Arrow           Conj/Erth      84%        3d12      1%          3
c - Petrify               Tmut/Erth      50%        N/A       1%          4
d - Borgnjor's Vile Clut  Necr/Erth      20%        N/A       8%          5

Your spell library contained the following spells:

 Spells                   Type           Power      Damage    Failure   Level
 Passwall                 Tmut/Erth      41%        N/A       1%          2
 Animate Dead             Necr           31%        N/A       8%          4
 Death Channel            Necr           15%        N/A       77%         6


Dungeon Overview and Level Annotations

Branches:
Dungeon (1/1)

Altars:
Cheibriados
Dithmenos
Elyvilon
Fedhas
Gozag
Hepliaklqana
Kikubaaqudgha
Makhleb
Nemelex Xobeh
Okawaru
Qazlal
Ru
Sif Muna
Trog
Uskayaw
Vehumet
Wu Jian
Xom
Yredelemnul
Zin
The Shining One
Jiyva
Lugonu


Innate Abilities, Weirdness & Mutations

You are very small and have problems with some larger weapons.
You are too small for most types of armour.
You have supernaturally acute eyesight. (SInv)
You cover ground extremely quickly. (Speed+++)


Message History

The centaur warrior struggles to escape constriction.
The centaur wields a +0 shortbow.
The centaur shoots an arrow.
The arrow hits you!
Unknown command.
The zombie hands lose their grip on something. x2
There is an open door here.
Casting: Borgnjor's Vile Clutch (quite dangerous; 9% risk of failure)
Confirm with . or Enter, or press ? or * to list all spells.
The spell is quite dangerous to miscast (9% risk of failure)!
Continue anyway?
Aiming: Borgnjor's Vile Clutch (quite dangerous; 9% risk of failure)
Press: ? - help, Shift-Dir - straight line, f - centaur
Aim: a centaur, wielding a +0 shortbow (lightly wounded, 100% to hit)
Zombie hands grab the centaur.
The zombie hands constrict the centaur.
The centaur shoots an arrow.
The arrow hits you!
Unknown command.
Unknown command.
Casting: Borgnjor's Vile Clutch (quite dangerous; 9% risk of failure)
Confirm with . or Enter, or press ? or * to list all spells.
Aiming: Stone Arrow (safe; 1% risk of failure)
Press: ? - help, Shift-Dir - straight line, f/p - centaur
Aim: a centaur, wielding a +0 shortbow (moderately wounded, constricted by zombie hands, 100% to hit)
The stone arrow hits the centaur!!
You kill the centaur!
Sif Muna accepts your kill.
You can now freely open your mind to new spells.
Unknown command.
Unknown command.
Casting: Stone Arrow (safe; 1% risk of failure)
Confirm with . or Enter, or press ? or * to list all spells.
The spell is quite dangerous to miscast (8% risk of failure)!
Continue anyway?
Aiming: Borgnjor's Vile Clutch (quite dangerous; 8% risk of failure)
Press: ? - help, Shift-Dir - straight line, f - centaur warrior
Aim: a centaur warrior (lightly wounded, 100% to hit)
Zombie hands grab the centaur warrior.
The zombie hands constrict the centaur warrior.
The centaur warrior wields a +0 shortbow.
The centaur warrior shoots an arrow.
The arrow hits you!
The centaur warrior shoots an arrow.
The arrow hits you!!
You die...

########### ___#___#__#
...#__)#._# ##'#'###)##
..........# .)........#
...######'#
.⌠.#__#...#+#############
...#__#...#..~§§@§#.c...+
)###__#...#.#~§§#§#.#...#
..)#__#...'.#.§§#.#.#cc.#
___#__'...#.#...#.c.#c..#
▓▓▓▓▓▓▓▓▓▓▓▓▓▓▓▓▓▓▓▓▓▓▓▓#


You could see a centaur warrior (clutched).

Vanquished Creatures
  Snorg (D)
  A deep elf pyromancer (D)
  A shadow (D)
  A spatial vortex (D)
  A centaur (D)
  An earth elemental (D)
  A necrophage (D)
  A water elemental (D)
  A jelly (D)
  Jessica (D)
  A necromancer (D)
  A wizard (D)
  3 humans (D)
  A kobold demonologist (D)
  A wolf (D)
  2 endoplasms (D)
  A rat (D)
20 creatures vanquished.

Notes
Turn   | Place    | Note
-------+----------+-------------------------------------------
     0 | D        | Groucho the Spriggan Earth Elementalist began the quest for
                  | the Orb.
     0 | D        | Reached XP level 1. HP: 9/9 MP: 5/5
   775 | D        | Noticed Jessica
   780 | D        | Killed Jessica
   781 | D        | Reached skill level 1 in Conjurations
   781 | D        | Reached XP level 2. HP: 11/13 MP: 8/8
   781 | D        | Reached XP level 3. HP: 14/16 MP: 9/9
  1156 | D        | Reached skill level 5 in Earth Magic
  1416 | D        | Learned a level 3 spell: Stone Arrow
  1475 | D        | Noticed a water elemental
  1511 | D        | Killed a water elemental
  1512 | D        | Reached skill level 5 in Spellcasting
  1512 | D        | Reached skill level 5 in Transmutations
  1512 | D        | Reached XP level 4. HP: 19/21 MP: 12/12
  1714 | D        | Found a radiant altar of Vehumet.
  1719 | D        | Found a shimmering blue altar of Sif Muna.
  1719 | D        | Noticed a wizard
  1720 | D        | Killed a wizard
  1721 | D        | Reached XP level 5. HP: 24/24 MP: 14/14
  1722 | D        | Found an ancient bone altar of Kikubaaqudgha.
  1734 | D        | Learned a level 4 spell: Petrify
  1740 | D        | Learned a level 5 spell: Borgnjor's Vile Clutch
  1741 | D        | Became a worshipper of Sif Muna the Loreminder
  1762 | D        | Found a shadowy altar of Dithmenos.
  1767 | D        | Reached skill level 1 in Fighting
  1767 | D        | Reached skill level 1 in Short Blades
  1767 | D        | Reached skill level 1 in Necromancy
  1767 | D        | Found a basalt altar of Yredelemnul.
  1767 | D        | Found a sacrificial altar of Ru.
  2073 | D        | Found a hide-covered altar of Uskayaw.
  2073 | D        | Found an iron altar of Okawaru.
  2073 | D        | Found a bloodstained altar of Trog.
  2073 | D        | Found an ornate altar of the Wu Jian Council.
  2073 | D        | Noticed a human
  2073 | D        | Noticed a human
  2099 | D        | Killed a human
  2099 | D        | Reached * piety under Sif Muna
  2100 | D        | Reached skill level 5 in Stealth
  2100 | D        | Reached XP level 6. HP: 31/31 MP: 17/17
  2102 | D        | Killed a human
  2103 | D        | Reached XP level 7. HP: 35/35 MP: 19/19
  2136 | D        | Found a glowing silver altar of Zin.
  2137 | D        | Found a glowing golden altar of the Shining One.
  2137 | D        | Found a white marble altar of Elyvilon.
  2137 | D        | Noticed a deep elf pyromancer
  2147 | D        | Killed a deep elf pyromancer
  2321 | D        | Noticed a shadow
  2330 | D        | Killed a shadow
  2330 | D        | Reached ** piety under Sif Muna
  2331 | D        | Reached skill level 5 in Short Blades
  2331 | D        | Reached skill level 5 in Conjurations
  2331 | D        | Reached skill level 1 in Invocations
  2331 | D        | Reached XP level 8. HP: 38/42 MP: 21/21
  2599 | D        | Found a blossoming altar of Fedhas.
  2599 | D        | Found a stormy altar of Qazlal.
  2600 | D        | Found a snail-covered altar of Cheibriados.
  2600 | D        | Found a burning altar of Makhleb.
  2600 | D        | Found a hazy altar of Hepliaklqana.
  2600 | D        | Found a shimmering altar of Xom.
  2600 | D        | Found an opulent altar of Gozag.
  2600 | D        | Found a sparkling altar of Nemelex Xobeh.
  2600 | D        | Found a corrupted altar of Lugonu.
  2600 | D        | Found a viscous altar of Jiyva.
  2622 | D        | Noticed Snorg
  2650 | D        | Killed Snorg
  2651 | D        | Reached skill level 5 in Necromancy
  2651 | D        | Reached skill level 10 in Earth Magic
  2952 | D        | Reached skill level 5 in Fighting
  2952 | D        | Reached skill level 10 in Transmutations
  2952 | D        | Reached XP level 9. HP: 36/47 MP: 17/23
  3243 | D        | Noticed a centaur warrior
  3253 | D        | Reached *** piety under Sif Muna
  3254 | D        | Shot with an arrow by a centaur warrior

Illustrated notes

Levels and vault maps discovered:
D:        dungeon_sprint_mu [sprint_mu_entry_cave, sprint_mu_temple_rooms,
          sprint_mu_d1_horrors, sprint_mu_d2_genie, sprint_mu_d3_branching,
          sprint_mu_orc_legion, sprint_mu_elf_gauntlet, sprint_mu_hive_nellie,
          sprint_mu_lair_fedhas, sprint_mu_vaults_butterflies,
          sprint_mu_slime_circle, sprint_mu_swamp_cave, sprint_mu_shoals_archi,
          sprint_mu_blade_basic, sprint_mu_crypt_chambers,
          sprint_mu_tomb_spiral, sprint_mu_vestibule_basic,
          sprint_mu_gehenna_hellfire, sprint_mu_dis_giant,
          sprint_mu_tartarus_statrot, sprint_mu_cocytus_islands, sprint_mu_zot1]

Skill      XL: |  1  2  3  4  5  6  7  8 |
---------------+-------------------------+-----
Earth Magic    | 4 6 7 8 9 10 | 10.4
Spellcasting   | 4 5 7 8 9 |  9.6
Transmutations | 3 5 7 8 10 | 10.1
Conjurations   | 1 2 3 4 5 |  5.8
Fighting       | 2 4 5 |  5.0
Short Blades   | 3 5 |  5.0
Stealth        | 5 6 7 |  7.0
Necromancy     | 2 3 4 5 |  5.3
Invocations    | 1 3 |  3.7
Dodging        | |  2.6

Action                     |  1- 3 |  4- 6 |  7- 9 || total
---------------------------+-------+-------+-------++-------
  Melee: Dagger            |     1 |     3 |    15 ||    19
   Cast: Sandblast         |    24 |     5 |       ||    29
         Stone Arrow       |       |     4 |     5 ||     9
         Petrify           |       |       |     5 ||     5
         Borgnjor's Vile C |       |       |     7 ||     7
  Evoke: Wand              |       |     4 |       ||     4
   Stab: Sleeping          |     1 |       |     2 ||     3
         Paralysed         |       |     3 |       ||     3
         Petrified         |       |       |     7 ||     7
  Dodge: Dodged            |     4 |     1 |     2 ||     7
